 Dungeon Crawl Stone Soup version 0.24.0-13-gcf9b319 (webtiles) character file.

Game seed: 14020585023627890458, levelgen mode: deterministic

330495 Fang the Tortoise (level 21, -2/146 HPs)
             Began as a Gargoyle Fighter on Dec 16, 2019.
             Was the Champion of Trog.
             Engulfed by a cloud of flame (31 damage)
             ... on level 4 of the Vaults.
             The game lasted 00:59:22 (35988 turns).

Fang the Tortoise (Gargoyle Fighter)               Turns: 35988, Time: 00:59:23

Health: -2/146     AC: 52    Str: 30    XL:     21   Next: 74%
Magic:  0/18       EV:  8    Int: 14    God:    Trog [******]
Gold:   2826       SH: 38    Dex:  9    Spells: 20/20 levels left

rFire    . . .     SeeInvis +   M - +8 broad axe of Wyachaen {drain, +Blink +Fly rF- rN+++}
rCold    . . .     Gourm    .   I - +10 large shield of Ignorance {rN+ Int-4}
rNeg     + + +     Faith    .   R - +8 plate armour "Viotimis" {rF+ MR+}
rPois    ∞         Spirit   +   f - +1 helmet {SInv}
rElec    +         Reflect  .   l - scarf {repulsion}
rCorr    .         Harm     .   h - +0 pair of gloves of Gehenna {MR+ Str+2 Slay+3}
MR       +++++     Rnd*Rage +   j - +1 pair of boots {Stlth+}
Stlth    ..........             k - amulet of guardian spirit
HPRegen  1.34/turn              i - +5 ring of slaying
MPRegen  0.16/turn              x - ring "Juopha" {Wiz rElec MR+ Int+7 SInv}

@: berserk cooldown, flying, regenerating, slowed, repel missiles, very slow
A: big wings, icy blue scales 1, large bone plates 1, berserk 1, low mp 1,
negative energy resistance 1, electricity resistance, unbreathing, petrification
resistance, rot immunity, AC +16
}: 2/15 runes: decaying, serpentine
a: Stop Flying, Berserk, Trog's Hand, Brothers in Arms, Renounce Religion, Evoke
Blink


You were on level 4 of the Vaults.
You worshipped Trog.
Trog was exalted by your worship.
You were hungry.

You visited 7 branches of the dungeon, and saw 37 of its levels.
You also visited: Trove.

You collected 3331 gold pieces.
You spent 505 gold pieces at shops.

Inventory:

Hand Weapons
 a - a +7 broad axe of flaming
 e - the +3 war axe of Manu {vamp, -Tele rN+ Str-5 Int+9}
   (You took it off a centaur on level 8 of the Dungeon)

   It inflicts no extra harm, but heals its wielder when it wounds a living foe.
   It affects your strength (-5).
   It affects your intelligence (+9).
   It protects you from negative energy.
   It prevents most forms of teleportation.
 L - a +2 vampiric broad axe
 M - the +8 broad axe of Wyachaen (weapon) {drain, +Blink +Fly rF- rN+++}
   (You acquired it on level 1 of the Snake Pit)

   A truly terrible weapon, it drains the life of those it strikes.
   It makes you vulnerable to fire.
   It renders you almost immune to negative energy.
   It lets you fly.
   It lets you blink.
Armour
 b - a +0 plate armour of fire resistance
 d - a +1 cloak of invisibility
 f - a +1 helmet of see invisible (worn)
 g - the +0 pair of gloves "Peyvenem" {rPois MR+ Regen+ Dex+3}
   (You found it in a treasure trove)

   It affects your dexterity (+3).
   It protects you from poison.
   It affects your resistance to hostile enchantments.
   It increases your rate of regeneration.
 h - the +0 pair of gloves of Gehenna (worn) {MR+ Str+2 Slay+3}
   (You found it in a treasure trove)

   It affects your strength (+2).
   It affects your accuracy and damage with ranged weapons and melee attacks
   (+3).
   It affects your resistance to hostile enchantments.
 j - a +1 pair of boots of stealth (worn)
 l - a scarf of repulsion (worn)
 D - a scarf of cloud immunity
 I - the +10 large shield of Ignorance (worn) {rN+ Int-4}
   (You found it on level 12 of the Dungeon)

   It affects your intelligence (-4).
   It protects you from negative energy.
 R - the +8 plate armour "Viotimis" (worn) {rF+ MR+}
   (You found it on level 1 of the Snake Pit)

   It protects you from fire.
   It affects your resistance to hostile enchantments.
Jewellery
 i - a +5 ring of slaying (left hand)
 k - an amulet of guardian spirit (around neck)
 m - an uncursed ring of protection from magic
 q - an uncursed ring of protection from cold
 x - the ring "Juopha" (right hand) {Wiz rElec MR+ Int+7 SInv}
   (You found it on level 8 of the Dungeon)

   [ring of wizardry]

   It improves your spell success rate.
   It affects your intelligence (+7).
   It insulates you from electricity.
   It affects your resistance to hostile enchantments.
   It lets you see invisible.
 O - the ring "Ytejaemi" {*Drain rN+++ MP+9 Int+5 Dex+2}
   (You found it on level 1 of the Orcish Mines)

   [ring of intelligence]

   It affects your intelligence (+5).
   It affects your dexterity (+2).
   It renders you almost immune to negative energy.
   It affects your magic capacity (+9).
   It causes draining when unequipped.
 S - a +5 ring of evasion
 V - a +4 amulet of reflection
Wands
 n - a wand of random effects (42)
 t - a wand of flame (95)
 w - a wand of digging (3)
 y - a wand of polymorph (11)
 z - a wand of acid (20)
 E - a wand of disintegration (73)
 J - a wand of clouds (7)
 N - a wand of iceblast (21)
Scrolls
 p - 14 scrolls of teleportation
 v - 4 scrolls of identify
 A - 2 scrolls of blinking
 C - 11 scrolls of remove curse
 F - 4 scrolls of fear
 K - 6 scrolls of magic mapping
 P - a scroll of silence
 Z - a scroll of summoning
Potions
 r - a potion of ambrosia
 s - a potion of berserk rage
 u - 2 potions of cancellation
 G - 6 potions of haste
 H - 3 potions of curing
 Q - 11 potions of heal wounds
 T - a potion of invisibility
 U - 9 potions of might
 W - 5 potions of mutation
 X - 4 potions of resistance
Comestibles
 c - 51 rations
 B - 5 chunks of flesh


   Skills:
 + Level 20.1 Fighting
 + Level 17.3 Axes
 + Level 20.1 Armour
 + Level 20.1 Shields


You had 20 spell levels left.
You didn't know any spells.
Your spell library was empty.

Dungeon Overview and Level Annotations

Branches:
Dungeon (15/15)            Temple (1/1) D:5            Lair (6/6) D:11
  Swamp (4/4) Lair:4        Snake (4/4) Lair:3        Slime (0/5) Lair:6
    Orc (2/2) D:11            Elf (0/3) Orc:2        Vaults (5/5) D:14
  Crypt (0/3) Vaults:3     Depths (0/5) D:15

Altars:
Ashenzari
Cheibriados
Dithmenos
Elyvilon
Fedhas
Gozag
Hepliaklqana
Kikubaaqudgha
Makhleb
Nemelex Xobeh
Okawaru
Qazlal
Ru
Sif Muna
Trog
Uskayaw
Vehumet
Wu Jian
Xom
Yredelemnul
Zin
The Shining One
Beogh
Jiyva
Lugonu

Shops:
D:10 !   D:13 :   Orc:1 *   Orc:2 %}[:   Vaults:1 ?

Annotations:
Lair:3 exclusion: 3 oklob plants
Lair:6 1 runed translucent door
Swamp:4 1 runed translucent door, grimtooth's ghost, adept DrFE
Vaults:2 exclusion: orange crystal statue


Innate Abilities, Weirdness & Mutations

You are resistant to torment.
Your stone body is resilient. (AC +16)
You are immune to poison.
Your large and strong wings let you fly indefinitely.
You resist negative energy. (rN+)
You are resistant to electric shocks. (rElec)
You can survive without breathing.
You are immune to petrification.
You are immune to rotting.
You are partially covered in icy blue scales. (AC +2)
You are partially covered in large bone plates. (SH +4)
You tend to lose your temper in combat.
Your magical capacity is low. (-10% MP)


Message History

* * * LOW HITPOINT WARNING * * *
The fiery explosion engulfs the brown very ugly thing!!
The brown very ugly thing explodes!
The fiery explosion engulfs the vault guard!!
The vault guard is almost dead.
The fiery explosion engulfs you!
* * * LOW HITPOINT WARNING * * *
Trog accepts your kill.
The fiery explosion engulfs the vault guard.
The vault guard explodes!
The fiery explosion engulfs you but does no damage.
Trog accepts your kill. x2
The shadow dragon scales are intact enough to wear.
Trog accepts your kill.
You are engulfed in blazing flames.
Your skin crawls.
You feel resistant to hostile enchantments.
You feel somewhat more hungry.
You are engulfed in blazing flames.
You feel much better.
You are engulfed in blazing flames.
You die...

##'##.'.##......'.
#.!.#+#+#########.
#...'.'..# #.
#...###..# #. #####
#### #.
############# #.
#.§§§§......# ##
#.§§§§......########
#.§@§§.%....#......'
#.%§§%%.....#......#
#%§§%.......'......#
#..%........#......#
#.%.........#......#
#.%......%..#.[....#
#############......#
########


There were no monsters in sight!

Vanquished Creatures
  Bai Suzhen (Vaults:3)
  Frederick (Vaults:4)
  Saint Roka (Vaults:4)
  A bone dragon (Swamp:4)
  A golden dragon (Vaults:4)
  Jorgrun (Orc:1)
  A tentacled monstrosity (Swamp:3)
  The ghost of Sianeop the Warrior, an adept GrFi of Cheibriados (Vaults:1)
  A quicksilver dragon (Vaults:4)
  A sphinx (Vaults:4)
  A tengu reaver (Vaults:3)
  Donald (Swamp:4)
  A shadow dragon (Vaults:4)
  5 nagarajas (Snake:4)
  The ghost of Steadysplat the Warrior, a journeyman MfFi of Gozag (Orc:1)
  A frost giant (Vaults:4)
  10 vault wardens
  Louise (Snake:2)
  An orc warlord (Orc:1)
  5 stone giants
  3 very ugly things
  An entropy weaver (Vaults:1)
  9 ironheart preservers
  Nessos (Lair:6)
  A deep elf demonologist (Vaults:4)
  2 deep elf annihilators (Vaults:1)
  Snorg (D:11)
  2 ettins (Vaults:4)
  3 deep elf death magi
  A great orb of eyes (Vaults:1)
  7 yaktaur captains
  Erolcha (D:12)
  33 vault guards
  13 hydras
  A rakshasa (Vaults:2)
  19 naga warriors
  2 ghost crabs
  An ice dragon (Vaults:3)
  11 centaur warriors
  4 anacondas
  3 shambling mangroves (Swamp:1)
  13 alligators
  A deep troll shaman (Vaults:1)
  A death knight (Vaults:3)
  26 two-headed ogres
  9 death yaks
  12 ogre magi
  4 shock serpents
  14 naga sharpshooters
  An orc high priest (Orc:2)
  Nergalle (Lair:2)
  Sonja (Lair:6)
  A shock serpent (shapeshifter) (Vaults:2)
  7 deep elf knights
  A sea snake (Snake:1)
  4 shadow wraiths
  2 fire crabs (shapeshifter)
  A glowing orange brain (Vaults:2)
  A salamander mystic (Snake:1)
  6 skeletal warriors
  8 naga ritualists
  4 unseen horrors
  5 swamp dragons
  3 deep trolls (Vaults:1)
  9 deep elf archers
  Pikel (D:5)
  3 flayed ghosts
  5 phantasmal warriors
  5 spectral hydras (Swamp:4)
  11 ironbrand convokers
  5 wizards
  An orb spider (shapeshifter) (Vaults:1)
  A human zombie (Vaults:2)
  2 necromancers
  7 mana vipers
  5 wolf spiders
  11 orc knights
  26 ugly things
  5 orc sorcerers
  24 deep elf magi
  8 salamanders
  5 cyclopes
  9 elephants
  A fire giant skeleton (Vaults:1)
  14 vault sentinels
  Joseph (D:7)
  A torpor snail (Lair:2)
  6 guardian serpents
  22 naga magi
  37 black mambas
  A black mamba (shapeshifter) (Vaults:3)
  2 gargoyles
  19 spiny frogs
  A kobold demonologist (Orc:1)
  2 rime drakes
  6 komodo dragons
  A torpor snail (shapeshifter) (D:15)
  3 swamp worm zombies (Swamp:4)
  5 freezing wraiths
  2 human skeletons (Vaults:2)
  20 yaktaurs
  3 hydra zombies (Swamp:4)
  3 polar bears (Lair:3)
  A wind drake (shapeshifter) (Vaults:3)
  13 hornets
  12 tyrant leeches
  7 trolls
  A raiju (shapeshifter) (Vaults:1)
  Prince Ribbit (D:7)
  15 blink frogs
  13 bog bodies
  11 hippogriffs
  Grinder (D:4)
  13 slime creatures
  5 alligator zombies (Swamp:4)
  3 hippogriffs (shapeshifter)
  A human simulacrum (Vaults:1)
  9 dream sheep
  A frost giant simulacrum (Vaults:2)
  A vampire (D:11)
  15 wyverns
  A redback (Lair:6)
  3 wraiths
  3 spriggans
  A shadow (Swamp:3)
  52 yaks
  2 basilisks
  A fire elemental (Lair:6)
  A human (shapeshifter) (D:15)
  2 fire bats (Lair:6)
  2 steam dragons (D:10)
  4 hungry ghosts
  15 vampire mosquitoes
  4 neqoxecs (Orc:1)
  20 insubstantial wisps
  4 wargs
  11 swamp worms
  50 nagas
  11 water moccasins
  2 soldier ants (D:11)
  An ogre skeleton (Vaults:1)
  12 porcupines
  7 swamp drakes
  50 orc warriors
  An elf zombie (Vaults:1)
  4 ice beasts
  5 sky beasts
  4 slaves (D:5)
  A black bear (Lair:1)
  5 phantoms (Swamp:4)
  4 swamp dragon zombies (Swamp:4)
  30 ogres
  An orc zombie (Vaults:1)
  2 eyes of draining (D:13)
  An ogre (shapeshifter) (Vaults:3)
  15 boggarts
  29 centaurs
  Blork the orc (D:4)
  14 crocodiles
  13 big kobolds
  A big kobold (shapeshifter) (D:15)
  17 bullfrogs
  A wyvern zombie (D:11)
  9 killer bees
  8 scorpions
  12 wights
  7 howler monkeys
  2 electric eels
  9 crimson imps
  2 centaur zombies
  3 quasits (Orc:1)
  3 bullfrog zombies
  4 hounds
  4 jellies
  6 centaur skeletons
  34 orc priests
  37 orc wizards
  3 iguanas
  2 spectral swamp drakes (Swamp:4)
  10 worker ants
  A killer bee zombie (D:5)
  10 gnolls
  A swamp drake zombie (Swamp:4)
  18 adders
  2 shadow imps (D:12)
  An adder skeleton (D:6)
  3 worms
  2 dart slugs
  7 leopard geckos
  126 orcs
  4 giant cockroaches
  6 goblins
  12 hobgoblins
  3 jackals (D:3)
  3 quokkas
  2 ball pythons (D:1)
  10 bats
  7 frilled lizards
  17 kobolds
  7 rats
  2 crawling corpses (Vaults:4)
  3 fungi
  5 plants
1513 creatures vanquished.

Vanquished Creatures (collateral kills)
  Sojobo (Vaults:2)
  A yaktaur captain (Vaults:2)
  A hornet (Vaults:2)
3 creatures vanquished.

Vanquished Creatures (others)
  2 tengu reavers (Vaults:2)
  An ice dragon (Vaults:2)
  A troll (Vaults:2)
  2 vampire mosquitoes (Swamp:2)
  3 nagas
  A swamp drake (Swamp:2)
  An orc warrior (Vaults:2)
  An ogre (Vaults:3)
  A howler monkey (D:12)
  An orc wizard (Vaults:2)
  9 fungi
  10 plants
33 creatures vanquished.

Grand Total: 1549 creatures vanquished

Notes
Turn   | Place    | Note
-------+----------+-------------------------------------------
     0 | D:1      | Fang the Gargoyle Fighter began the quest for the Orb.
     0 | D:1      | Reached XP level 1. HP: 14/14 MP: 1/1
    98 | D:1      | Reached XP level 2. HP: 15/19 MP: 2/2
   137 | D:1      | You fall into a shaft and drop 1 floor!
   186 | D:2      | Reached XP level 3. HP: 18/24 MP: 3/3
   369 | D:2      | Reached XP level 4. HP: 29/29 MP: 4/4
  1613 | D:3      | Reached XP level 5. HP: 31/33 MP: 5/5
  1677 | D:3      | Found a blossoming altar of Fedhas.
  1690 | D:3      | Found an ancient bone altar of Kikubaaqudgha.
  1916 | D:3      | Noticed a centaur
  1923 | D:3      | Killed a centaur
  1947 | D:4      | Noticed an ogre
  1948 | D:4      | Noticed an ogre
  1953 | D:4      | Killed an ogre
  1953 | D:4      | Reached XP level 6. HP: 14/40 MP: 2/6
  1957 | D:4      | Reached skill level 5 in Fighting
  1957 | D:4      | Reached skill level 5 in Shields
  1960 | D:4      | Reached skill level 5 in Armour
  2209 | D:3      | Reached XP level 7. HP: 19/44 MP: 2/7
  2467 | D:4      | Noticed Grinder
  2477 | D:4      | Killed Grinder
  2484 | D:4      | Reached XP level 8. HP: 23/51 MP: 5/8
  2780 | D:4      | Found a stormy altar of Qazlal.
  2805 | D:4      | Noticed Blork the orc
  2805 | D:4      | Found a shadowy altar of Dithmenos.
  2808 | D:4      | Killed Blork the orc
  2835 | D:4      | Found an ornate altar of the Wu Jian Council.
  2836 | D:4      | Found an opulent altar of Gozag.
  3185 | D:5      | Entered Level 5 of the Dungeon
  3240 | D:5      | Noticed Pikel
  3267 | D:5      | Killed Pikel
  3267 | D:5      | Reached skill level 5 in Axes
  3343 | D:5      | Reached XP level 9. HP: 36/56 MP: 6/9
  3561 | D:5      | Found a staircase to the Ecumenical Temple.
  3562 | D:5      | You fall into a shaft and drop 2 floors!
  3565 | D:7      | Noticed Prince Ribbit
  3570 | D:7      | Killed Prince Ribbit
  4091 | D:7      | Noticed Joseph
  4109 | D:7      | Killed Joseph
  4521 | D:6      | Noticed an angel
  4522 | D:6      | Found a shimmering altar of Xom.
  4522 | D:6      | Found a glowing silver altar of Zin.
  5030 | Temple   | Entered the Ecumenical Temple
  5366 | D:8      | Noticed a two-headed ogre
  5378 | D:8      | Killed a two-headed ogre
  5378 | D:8      | Reached XP level 10. HP: 47/65 MP: 6/10
  5411 | D:8      | Got a smoking glass ring
  5420 | D:8      | Identified the ring "Juopha" {Wiz rElec MR+ Int+7 SInv}
                  | (You found it on level 8 of the Dungeon)
  5429 | D:8      | Identified the +3 war axe of Manu {vamp, -Tele rN+ Str-5
                  | Int+9}
  5506 | D:8      | Found a basalt altar of Yredelemnul.
  5506 | D:8      | Found a glowing golden altar of the Shining One.
  5507 | D:8      | Found a sparkling altar of Nemelex Xobeh.
  5521 | D:8      | Found a shattered altar of Ashenzari.
  5606 | D:8      | Found a bloodstained altar of Trog.
  5640 | D:8      | Became a worshipper of Trog the Wrathful
  5898 | D:9      | Found a hazy altar of Hepliaklqana.
  6001 | D:9      | Found an iron altar of Okawaru.
  6086 | D:9      | Reached * piety under Trog
  6589 | D:10     | Entered Level 10 of the Dungeon
  6623 | D:10     | Found Paohauf's Distillery.
  6629 | D:10     | Bought a potion of heal wounds for 65 gold pieces
  6638 | D:10     | Reached XP level 11. HP: 71/71 MP: 9/11
  6643 | D:10     | Reached ** piety under Trog
  7485 | D:11     | Noticed a white ugly thing
  7493 | D:11     | Killed a white ugly thing
  7597 | D:11     | You fall into a shaft and drop 2 floors!
  7617 | D:13     | Reached skill level 10 in Fighting
  7617 | D:13     | Reached skill level 10 in Armour
  7617 | D:13     | Reached skill level 10 in Shields
  7782 | D:13     | Noticed an unseen horror
  7794 | D:13     | Killed an unseen horror
  7873 | D:13     | Reached *** piety under Trog
  7919 | D:13     | Noticed a centaur warrior
  7927 | D:13     | Noticed a five-headed hydra
  7934 | D:13     | Killed a centaur warrior
  8224 | D:13     | Noticed a centaur warrior
  8242 | D:13     | Killed a centaur warrior
  8242 | D:13     | Reached XP level 12. HP: 64/79 MP: 12/12
  9344 | D:12     | Found a portal to a secret trove of treasure.
  9408 | D:12     | Noticed Erolcha
  9413 | D:12     | Killed Erolcha
  9714 | D:12     | Noticed a deep elf knight
  9729 | D:12     | Killed a deep elf knight
  9828 | D:12     | Reached **** piety under Trog
  9828 | D:12     | Reached skill level 10 in Axes
  9914 | D:12     | Noticed a deep elf knight
  9914 | D:12     | Noticed a deep elf knight
  9920 | D:12     | Noticed a soul eater
  9923 | D:12     | Killed a deep elf knight
  9932 | D:12     | Killed a deep elf knight
  9932 | D:12     | Reached XP level 13. HP: 86/86 MP: 11/13
 10030 | D:12     | Found the +10 large shield of Ignorance {rN+ Int-4}
 10040 | D:12     | Got a smoking brass ring
 10443 | D:11     | Found a staircase to the Orcish Mines.
 10475 | D:11     | Found a roughly hewn altar of Beogh.
 10525 | D:11     | Noticed Snorg
 10533 | D:11     | Reached ***** piety under Trog
 10551 | D:11     | Killed Snorg
 10674 | D:11     | Found a staircase to the Lair.
 10763 | D:11     | Identified the cursed ring "Gokuss" {+Fly rElec rPois AC-2
                  | Str-2} (You found it on level 12 of the Dungeon)
 11247 | Lair:1   | Entered Level 1 of the Lair of Beasts
 12216 | Lair:2   | Noticed Nergalle
 12239 | Lair:2   | Killed Nergalle
 12785 | Lair:3   | You fall into a shaft and drop 1 floor!
 12836 | Lair:4   | Gained mutation: Your large and strong wings let you fly
                  | indefinitely. [Gargoyle growth]
 12836 | Lair:4   | Reached XP level 14. HP: 93/94 MP: 11/14
 12872 | Lair:4   | Found a staircase to the Swamp.
 13108 | Lair:4   | Received a gift from Trog
 13140 | Lair:4   | Found a glowing golden altar of the Shining One.
 13212 | Lair:4   | You are sucked into a shaft and drop 2 floors!
 13212 | Lair:6   | Entered Level 6 of the Lair of Beasts
 14685 | Lair:3   | Found a staircase to the Snake Pit.
 14798 | Lair:3   | Reached ****** piety under Trog
 15536 | Lair:6   | Noticed Nessos
 15546 | Lair:6   | Received a gift from Trog
 15584 | Lair:6   | Killed Nessos
 15619 | Lair:6   | Reached XP level 15. HP: 97/100 MP: 15/15
 15886 | Lair:6   | Noticed Sonja
 15902 | Lair:6   | Got an ichor-stained helmet
 15928 | Lair:6   | Identified the cursed +0 helmet "Huroni" {rF+++ rC+ Slay-5
                  | SInv} (You found it on level 6 of the Lair of Beasts)
 16149 | Lair:6   | Received a gift from Trog
 16385 | Lair:6   | Found a runed translucent door.
 16385 | Lair:6   | Found a viscous altar of Jiyva.
 16385 | Lair:6   | Found a staircase to the Slime Pits.
 16385 | Lair:6   | Noticed an azure jelly
 16497 | Lair:6   | Killed Sonja
 16907 | D:13     | Found Kacaxk Wicu's Book Shoppe.
 17337 | D:14     | Reached skill level 15 in Fighting
 17337 | D:14     | Reached skill level 15 in Armour
 17474 | D:14     | Reached skill level 15 in Shields
 17535 | D:14     | Found a gate to the Vaults.
 17834 | D:15     | Entered Level 15 of the Dungeon
 17843 | D:15     | Reached XP level 16. HP: 108/108 MP: 16/16
 17994 | D:15     | Received a gift from Trog
 18015 | D:15     | Found a staircase to the Depths.
 18417 | D:15     | Found a glowing silver altar of Zin.
 18912 | Orc:1    | Entered Level 1 of the Orcish Mines
 18926 | Orc:1    | Found Eskepona's Assorted Antiques.
 18992 | Orc:1    | Found a roughly hewn altar of Beogh.
 18995 | Orc:1    | Bought a potion of heal wounds for 140 gold pieces
 19037 | Orc:1    | Noticed Jorgrun
 19053 | Orc:1    | Killed Jorgrun
 19160 | Orc:1    | Received a gift from Trog
 19257 | Orc:1    | Received a gift from Trog
 19420 | Orc:1    | Found a transporter.
 19695 | Orc:1    | Found a transporter.
 19697 | Orc:1    | Noticed Steadysplat's ghost (journeyman MfFi)
 19958 | Orc:1    | Gained mutation: You occasionally shout uncontrollably at
                  | your foes. [a neqoxec]
 19977 | Orc:1    | Killed Steadysplat's ghost
 19980 | Orc:1    | Gained mutation: Your magical capacity is low. (-10% MP) [a
                  | neqoxec]
 19983 | Orc:1    | Gained mutation: Armour fits poorly on your strangely
                  | shaped body. [a neqoxec]
 20101 | Orc:1    | Got the ring "Ytejaemi" {Int+5}
 20141 | Orc:2    | Entered Level 2 of the Orcish Mines
 20196 | Orc:2    | Found a staircase to the Elven Halls.
 20306 | Orc:2    | Received a gift from Trog
 20518 | Orc:2    | Found Vaenuv's Food Shop.
 20518 | Orc:2    | Found Orre's Antique Armour Boutique.
 20524 | Orc:2    | Found Kerif's Book Boutique.
 20528 | Orc:2    | Found Tadal's Gadget Shop.
 20573 | Orc:2    | Lost mutation: You occasionally shout uncontrollably at
                  | your foes. [potion of mutation]
 20573 | Orc:2    | Lost mutation: Armour fits poorly on your strangely shaped
                  | body. [potion of mutation]
 20573 | Orc:2    | Gained mutation: You are partially covered in large bone
                  | plates. (SH +4) [potion of mutation]
 20573 | Orc:2    | Gained mutation: You tend to lose your temper in combat.
                  | [potion of mutation]
 20573 | Orc:2    | Gained mutation: You are partially covered in icy blue
                  | scales. (AC +2) [potion of mutation]
 20956 | Snake:1  | Entered Level 1 of the Snake Pit
 21210 | Snake:1  | Got a faintly glowing plate armour
 21221 | Snake:1  | Identified the +8 plate armour "Viotimis" {rF+ MR+} (You
                  | found it on level 1 of the Snake Pit)
 21407 | Snake:1  | Identified a scroll of acquirement
 21410 | Snake:1  | Got an iridescent broad axe
 21411 | Snake:1  | Identified the +8 broad axe of Wyachaen {drain, +Blink +Fly
                  | rF- rN+++} (You acquired it on level 1 of the Snake Pit)
 22148 | Snake:2  | Received a gift from Trog
 22290 | Snake:2  | Reached XP level 17. HP: 115/115 MP: 15/15
 22538 | Snake:2  | Noticed Louise
 22561 | Snake:2  | Killed Louise
 22592 | Snake:2  | You are sucked into a shaft and drop 1 floor!
 22884 | Snake:3  | Received a gift from Trog
 23347 | Snake:2  | Identified the ring "Ytejaemi" {*Drain rN+++ MP+9 Int+5
                  | Dex+2} (You found it on level 1 of the Orcish Mines)
 23693 | Snake:4  | Entered Level 4 of the Snake Pit
 24358 | Snake:4  | Received a gift from Trog
 24368 | Snake:4  | Reached XP level 18. HP: 96/123 MP: 14/16
 24549 | Snake:4  | Got a serpentine rune of Zot
 24786 | Swamp:1  | Entered Level 1 of the Swamp
 24974 | Swamp:1  | Received a gift from Trog
 25622 | Swamp:2  | Reached skill level 15 in Axes
 26366 | Swamp:3  | Received a gift from Trog
 26439 | Swamp:3  | Noticed a tentacled monstrosity
 26453 | Swamp:3  | Killed a tentacled monstrosity
 27267 | Swamp:4  | Entered Level 4 of the Swamp
 27298 | Swamp:4  | Noticed Donald
 27316 | Swamp:4  | Killed Donald
 27395 | Swamp:4  | Found a runed translucent door.
 27401 | Swamp:4  | Noticed grimtooth's ghost (adept DrFE)
 27848 | Swamp:4  | Reached XP level 19. HP: 101/130 MP: 15/17
 27865 | Swamp:4  | Received a gift from Trog
 27869 | Swamp:4  | Noticed a bone dragon
 27900 | Swamp:4  | Killed a bone dragon
 28090 | Swamp:4  | Got a decaying rune of Zot
 28639 | Vaults:1 | Entered Level 1 of the Vaults
 29272 | Vaults:1 | Received a gift from Trog
 29716 | Vaults:1 | Found Jiuthigg's Magic Scroll Shoppe.
 29720 | Vaults:1 | Bought a scroll of enchant weapon for 150 gold pieces
 29720 | Vaults:1 | Bought a scroll of enchant weapon for 150 gold pieces
 30129 | Vaults:1 | Found a runed translucent door.
 30152 | Vaults:1 | Noticed Sianeop's ghost (adept GrFi)
 30173 | Vaults:1 | Killed Sianeop's ghost
 30398 | Vaults:2 | Received a gift from Trog
 30489 | Vaults:2 | Noticed Sojobo
 30502 | Vaults:2 | Reached XP level 20. HP: 127/137 MP: 16/18
 30544 | Vaults:2 | Killed Sojobo
 30775 | Vaults:2 | Received a gift from Trog
 31840 | D:12     | You paid a toll of 20 potions of curing to enter a treasure
                  | trove
 31841 | Trove    | Entered a treasure trove
 31868 | Trove    | Got a pair of polished gloves
 31871 | Trove    | Got a pair of ancient gloves
 31948 | D:12     | Identified the +0 pair of gloves of Gehenna {MR+ Str+2
                  | Slay+3} (You found it in a treasure trove)
 31958 | D:12     | Identified the +0 pair of gloves "Peyvenem" {rPois MR+
                  | Regen+ Dex+3} (You found it in a treasure trove)
 32369 | Vaults:3 | Received a gift from Trog
 32522 | Vaults:3 | Noticed Bai Suzhen
 32549 | Vaults:3 | Killed Bai Suzhen
 33014 | Vaults:3 | Found a staircase to the Crypt.
 33014 | Vaults:3 | Found a basalt altar of Yredelemnul.
 33015 | Vaults:3 | Found an ancient bone altar of Kikubaaqudgha.
 33018 | Vaults:3 | Received a gift from Trog
 34039 | Vaults:4 | Noticed Saint Roka
 34051 | Vaults:4 | Killed Saint Roka
 34051 | Vaults:4 | Reached XP level 21. HP: 95/144 MP: 13/18
 34679 | Vaults:4 | Received a gift from Trog
 35184 | Vaults:5 | Entered Level 5 of the Vaults
 35188 | Vaults:5 | Noticed a golden dragon
 35290 | Vaults:5 | Noticed Frederick
 35378 | Vaults:4 | Killed Frederick
 35378 | Vaults:4 | Killed a golden dragon
 35761 | Vaults:4 | Received a gift from Trog
 35986 | Vaults:4 | HP: 3/146 [brown very ugly thing/exploding inner flame[the
                  | player character] (9)]
 35988 | Vaults:4 | Engulfed by a cloud of flame

Levels and vault maps discovered:
D:1:      tarquinn_simple_flora_water_f, layout_basic
D:2:      layout_basic, first_ration, minmay_misc_feat_alley,
          minmay_splitting_lines, kennysheep_path_1
D:3:      cheibrodos_old_hovel, layout_rooms,
          grunt_temple_overflow_growth_and_decay
D:4:      layout_rooms, grunt_qazlal_clouds, grunt_dithmenos_smoke_and_mirrors,
          nicolae_gozag_seed_capital, lemuel_crystal_altar,
          minmay_misc_feat_tower, minmay_fountain_box, uniq_blork_the_orc,
          uniq_grinder
D:5:      layout_rooms, minmay_temple_entry_glass, uniq_pikel
D:6:      layout_gridville, grunt_temple_overflow_order_and_chaos_1
D:7:      cheibrodos_quashed, layout_loops_ring, uniq_prince_ribbit1,
          uniq_joseph
D:8:      layout_cave_pools, kennysheep_mini_moat,
          nicolae_overflow_quartered_altars
D:9:      minmay_clustersquares, layout_basic, nicolae_overflow_crystal_walls,
          okawaru_trees_1
D:10:     cheibrodos_steamvent, layout_basic, serial_shops, shop
D:11:     layout_long_grid, lair_entry_dummy, david_orc_5, uniq_snorg
D:12:     minmay_elf_outpost, layout_stronghold, nicolae_trove_entry_crossroad,
          the_bakery, uniq_erolcha
D:13:     layout_long_grid, serial_shops, shop
D:14:     layout_basic, erik_vaults_2, chequers_serial_rivers_micro_a,
          lightli_wizard_tower
D:15:     gammafunk_enter_depths_forms, layout_basic, serial_park_gazebo
          [serial_park_minivault_5x5_8], serial_bayou_crossing
Temple:   corrupted_temple
Lair:1:   layout_regular_city
Lair:2:   layout_roguey, columned_hall_lemuel, grunt_megastairs_4, uniq_nergalle
Lair:3:   layout_regular_city, guppyfry_snake_entry_island,
          cheibrodos_lair_lostbears, minmay_lair_oklob_chamber
Lair:4:   layout_cave_pods, swamp_mist_pool, basic_altar
Lair:5:   layout_misc_corridors
Lair:6:   hangedman_lair_tendril_chambers, layout_gridlike, slime_altar_2,
          uniq_nessos, uniq_sonja
Swamp:1:  layout_basic_swamp, serial_swamp_ruin, evilmike_swamp_ruin_house_1,
          evilmike_swamp_ruin_house_6
Swamp:2:  layout_basic_swamp, infiniplex_staircase_pool_2
Swamp:3:  layout_falls_marsh, evilmike_swamp_ruin_house_5, swamp_pool1
Swamp:4:  swamp_pestilence, layout_basic_swamp, ebering_ghost_reflecting_pool,
          uniq_donald
Snake:1:  layout_chambers, nicolae_snake_shapes
Snake:2:  layout_layer_cave, grunt_megastairs_2, uniq_louise
Snake:3:  layout_basic
Snake:4:  snake_pit, layout_misc_corridors
Orc:1:    layout_caves, basic_altar, special_room [special_room_kobold],
          gammafunk_ghost_stat_death, serial_shops, shop, uniq_jorgrun
Orc:2:    st_orc_mages, layout_caves
Vaults:1: ebering_vaults_ghost_reflecting_pool, vaults_room_glass_cross,
          grunt_vaults_swirl, dpeg_vaults_monster_row, vaults_room_corners,
          v_misc_13, v_rooms_4, v_pattern_1, nicolae_vaults_big_ls, v_misc_24,
          vaults_room_large_hall, vaults_room_semicircle,
          vaults_room_stairs_pillars, layout_vaults_omnibox, serial_shops, shop
Vaults:2: nicolae_vaults_shelves_hall, v_misc_3, grunt_vaults_focal,
          grunt_vaults_twisty, v_misc_14, v_misc_4,
          ontoclasm_vaults_decontamination, nicolae_vaults_statue_guard,
          layout_vaults_big_room, uniq_sojobo
Vaults:3: serial_ice_g, nicolae_vaults_theta, hangedman_vaults_trim,
          vaults_mumra_minichess_inversion, minmay_crypt_entry_necro_gods,
          vaults_room_door_ring, vaults_room_fours, st_more_cells, v_misc_25,
          nicolae_vaults_network_star, layout_vaults_quadrants, uniq_bai_suzhen
Vaults:4: v_rooms_5, vaults_dpeg_spiral, st_squares, vaults_room_semicircle,
          ontoclasm_vaults_hangar, nicolae_vaults_little_squares_6,
          nicolae_vaults_asterisk, nicolae_vaults_network_square,
          ontoclasm_vaults_loading_screen, layout_vaults_big_cross,
          uniq_saint_roka
Vaults:5: uniq_frederick

Skill      XL: |  1  2  3  4  5  6  7  8  9 10 11 12 13 14 15 16 17 18 19 20 21 |
---------------+----------------------------------------------------------------+-----
Axes           | 2 3 4 5 6 7 9 10 11 12 13 14 15 16 17 | 17.3
Fighting       | 4 5 6 8 9 10 12 13 14 15 16 17 18 19 20 | 20.1
Shields        | 4 5 6 8 9 10 12 13 14 15 16 17 18 19 20 | 20.1
Armour         | 4 5 6 8 9 10 12 13 14 15 16 17 18 19 20 | 20.1

Action                   |  1- 3 |  4- 6 |  7- 9 | 10-12 | 13-15 | 16-18 | 19-21 || total
-------------------------+-------+-------+-------+-------+-------+-------+-------++-------
Melee: War axe           |    63 |   132 |   275 |   499 |  1375 |   596 |       ||  2940
       Broad axe         |       |       |       |    48 |       |   927 |  1061 ||  2036
Invok: Berserk           |       |       |       |     5 |     6 |     1 |     4 ||    16
       Trog's Hand       |       |       |       |     2 |     1 |       |     1 ||     4
       Brothers in Arms  |       |       |       |       |       |       |     1 ||     1
 Abil: Fly               |       |       |       |       |     1 |       |       ||     1
  Use: Scroll            |       |       |    14 |     8 |    18 |     9 |    13 ||    62
       Potion            |       |       |       |     1 |       |     1 |     1 ||     3
 Stab: Confused          |       |       |       |       |       |     2 |       ||     2
       Distracted        |       |       |       |       |       |       |     1 ||     1
  Eat: Chunk             |       |     4 |    11 |    26 |    31 |    18 |    28 ||   118
       Ration            |       |       |       |     1 |     1 |     5 |     1 ||     8
Armor: Scale mail        |    35 |       |       |       |       |       |       ||    35
       Chain mail        |     3 |   102 |   183 |   102 |       |       |       ||   390
       Plate armour      |       |       |       |   439 |   625 |   758 |   344 ||  2166
Dodge: Dodged            |    16 |    35 |    74 |   185 |   130 |   176 |    86 ||   702
       Deflected         |       |       |       |       |       |       |     3 ||     3
Block: Shield            |    33 |    86 |   135 |   402 |    23 |       |       ||   679
       Large shield      |       |       |       |       |  1784 |  2358 |  1303 ||  5445
